 Dungeon Crawl Stone Soup version 0.28-a0-751-gef3a642a4e (webtiles) character file.

Game seed: 5662925146707826220

97958 flotson the Fighter (level 15, -2/122 HPs)
             Began as a Demonspawn Delver on Oct 30, 2021.
             Was an Initiate of Gozag.
             Slain by an emperor scorpion (14 damage)
             ... on level 14 of the Dungeon.
             The game lasted 00:56:56 (33584 turns).

flotson the Fighter (Demonspawn Delver)            Turns: 33584, Time: 00:56:58

Health: -2/122     AC: 26    Str: 18    XL:     15   Next: 73%
Magic:  15/15      EV: 14    Int: 15    God:    Gozag
Gold:   6766       SH:  0    Dex: 15    Spells: 14/14 levels left

rFire   + . .      SeeInvis .   a - +0 broad axe (spect)
rCold   . . .      Faith    .   (no shield)
rNeg    . . .      Spirit   .   O - +2 plate armour {rF+}
rPois   .          Reflect  .   L - +0 hat {Int+3}
rElec   .          Harm     .   t - +1 cloak {Will+}
rCorr   +          Rampage  .   I - +1 pair of gloves
Will    ++...                   o - +0 pair of boots
Stlth   ..........              (no amulet)
HPRegen 0.30/turn               M - +4 ring of evasion
MPRegen 0.14/turn               T - ring of resist corrosion

@: no status effects
A: horns 1, thin metallic scales 2, ignite blood 2, spiny 3
a: Renounce Religion, Potion Petition, Call Merchant, Bribe Branch


You were on level 14 of the Dungeon.
You worshipped Gozag.
Gozag was greatly pleased with you.
You visited 2 branches of the dungeon, and saw 21 of its levels.
You also visited: Sewer, Gauntlet and Volcano.

You collected 7503 gold pieces.
You spent 652 gold pieces at shops.
You paid 85 gold pieces to Gozag.

Inventory:

Hand Weapons
 a - a +0 spectral broad axe (weapon)
 b - the +9 staff of Olgreb {rPois∞}
   (You took it off a minotaur in a Gauntlet)

   If the wielder is skilled in Evocations, they can envenom those struck by it,
   dealing poison damage which bypasses armour.
   It enhances your poison magic.
   It grants immunity to poison.
   It can be evoked to radiate toxic energy, with effectiveness depending on
   Evocations skill.
 e - a +2 broad axe of draining
Missiles
 i - 3 javelins
 J - 3 boomerangs of dispersal
 N - 11 silver javelins (quivered)
 Y - a throwing net
Armour
 o - a +0 pair of boots (worn)
 t - a +1 cloak of willpower (worn)
 I - a +1 pair of gloves (worn)
 L - a +0 hat of intelligence (worn)
 O - a +2 plate armour of fire resistance (worn)
 Q - a scarf of repulsion
Jewellery
 f - a ring of flight
 A - a +4 ring of evasion
 M - a +4 ring of evasion (left hand)
 T - a ring of resist corrosion (right hand)
Wands
 g - a wand of digging (12)
 r - a wand of polymorph (5)
 B - a wand of flame (75)
 E - a wand of mindburst (33)
 G - a wand of iceblast (30)
 H - a wand of charming (22)
 K - a wand of paralysis (18)
 X - a wand of acid (7)
Scrolls
 c - 5 scrolls of fog
 h - 2 scrolls of holy word
 j - 5 scrolls of enchant armour
 k - 2 scrolls of brand weapon
 p - 4 scrolls of fear
 q - 2 scrolls of torment
 u - 8 scrolls of blinking
 v - 3 scrolls of vulnerability
 y - 7 scrolls of magic mapping
 P - 2 scrolls of teleportation
 R - 2 scrolls of enchant weapon
 S - 3 scrolls of immolation
 W - 3 scrolls of summoning {unknown}
 Z - a scroll of acquirement {unknown}
Potions
 d - 17 potions of curing
 l - 4 potions of ambrosia
 m - 3 potions of heal wounds
 n - 2 potions of mutation
 s - 4 potions of cancellation
 w - 4 potions of haste
 x - 4 potions of lignification
 z - 5 potions of might
 C - a potion of attraction
 F - 4 potions of berserk rage
Miscellaneous
 D - a lightning rod (4/4)
 U - a phantom mirror
 V - a box of beasts


   Skills:
 + Level 12.4 Fighting
 - Level 11.6 Axes
 + Level 2.0 Staves
 + Level 10.9 Throwing
 + Level 11.0 Armour
 + Level 11.2 Dodging
 - Level 4.5 Stealth
 + Level 11.1 Evocations


You had 14 spell levels left.
You didn't know any spells.
Your spell library contained the following spells:

 Spells                   Type           Power      Damage    Failure   Level
 Beastly Appendage        Tmut           0%         N/A       99%         1
 Foxfire                  Conj/Fire      0%         2x1d4     99%         1
 Magic Dart               Conj           0%         1d3       99%         1
 Sandblast                Erth           0%         2d4       99%         1
 Shock                    Conj/Air       0%         1d3       99%         1
 Slow                     Hex            0%         N/A       99%         1
 Summon Small Mammal      Summ           0%         N/A       99%         1
 Passwall                 Tmut/Erth      0%         N/A       100%        2
 Searing Ray              Conj           0%         2d4       100%        2
 Static Discharge         Conj/Air       0%         N/A       100%        2
 Sublimation of Blood     Necr           0%         N/A       100%        2
 Wereblood                Tmut           0%         N/A       100%        2
 Call Canine Familiar     Summ           0%         N/A       100%        3
 Confusing Touch          Hex            0%         N/A       100%        3
 Conjure Flame            Conj/Fire      0%         6-21      100%        3
 Frozen Ramparts          Ice            0%         1d2       100%        3
 Gell's Gravitas          Tloc           0%         N/A       100%        3
 Inner Flame              Hex/Fire       0%         N/A       100%        3
 Ozocubu's Armour         Ice            0%         N/A       100%        3
 Portal Projectile        Hex/Tloc       0%         N/A       100%        3
 Spider Form              Tmut/Pois      0%         N/A       100%        3
 Stone Arrow              Conj/Erth      0%         3d7       100%        3
 Summon Guardian Golem    Hex/Summ       0%         N/A       100%        3
 Swiftness                Air            0%         N/A       100%        3
 Teleport Other           Tloc           0%         N/A       100%        3
 Tukima's Dance           Hex            0%         N/A       100%        3
 Airstrike                Air            0%         N/A       100%        4
 Dispel Undead            Necr           0%         3d6       100%        4
 Flame Wave               Conj/Fire      0%         3d3       100%        4
 Fulminant Prism          Conj/Hex       0%         3d6       100%        4
 Ice Form                 Ice/Tmut       0%         N/A       100%        4
 Leda's Liquefaction      Hex/Erth       0%         N/A       100%        4
 Passage of Golubria      Tloc           0%         N/A       100%        4
 Petrify                  Tmut/Erth      0%         N/A       100%        4
 Sticky Flame             Conj/Fire      0%         2d3       100%        4
 Summon Ice Beast         Ice/Summ       0%         N/A       100%        4
 Irradiate                Conj/Tmut      0%         3d14      100%        5
 Metabolic Englaciation   Hex/Ice        0%         N/A       100%        5
 Silence                  Hex/Air        0%         N/A       100%        5
 Summon Forest            Summ/Tloc      0%         N/A       100%        5
 Yara's Violent Unravell  Hex/Tmut       0%         3d3       100%        5
 Dispersal                Tloc           0%         N/A       100%        6
 Eringya's Noxious Bog    Tmut/Pois      0%         N/A       100%        6
 Simulacrum               Ice/Necr       0%         N/A       100%        6
 Ozocubu's Refrigeration  Ice            0%         4d5       100%        7
 Summon Hydra             Summ           0%         N/A       100%        7
 Lehudib's Crystal Spear  Conj/Erth      0%         10d2      100%        8


Dungeon Overview and Level Annotations

Branches:
Dungeon (15/15)            Temple (0/1) D:6            Lair (6/6) D:10
  Swamp (0/4) Lair:3        Snake (0/4) Lair:2        Slime (0/5) Lair:5
    Orc (0/2) D:12         Vaults (0/5) D:13          Sewer (visited)
Volcano (visited)         Gauntlet (visited)
 Depths: D:15

Altars:
Ashenzari
Cheibriados
Elyvilon
Fedhas
Gozag
Ru
Trog
Vehumet
Xom
Zin
Jiyva

Shops:
D:9 ((:(   D:12 (*

Portals:
Abyss: D:6


Innate Abilities, Weirdness & Mutations

You have a pair of small horns on your head.
You are mostly covered in thin metallic scales. (AC +3)
Your demonic aura often causes spilled blood to erupt in flames.
You are completely covered in sharp spines.


Message History

The emperor scorpion is moderately wounded.
Your +0 spectral broad axe hits the emperor scorpion!
The emperor scorpion stings you!
The emperor scorpion claws you but does no damage. x2
Unknown command.
You hit the emperor scorpion but do no damage.
The emperor scorpion is heavily wounded.
Your +0 spectral broad axe hits the emperor scorpion.
The emperor scorpion is struck by your spines.
The emperor scorpion completely misses you.
The emperor scorpion claws you!
The emperor scorpion claws you but does no damage.
You hit the emperor scorpion.
You headbutt the emperor scorpion, but do no damage.
The emperor scorpion is heavily wounded.
Your +0 spectral broad axe hits the emperor scorpion.
The emperor scorpion stings you!
* * * LOW HITPOINT WARNING * * *
The emperor scorpion claws you.
* * * LOW HITPOINT WARNING * * *
The emperor scorpion claws you but does no damage.
Aiming: Corrosive Bolt
Press: ? - help, Shift-Dir - straight line, f - emperor scorpion
Aim: an emperor scorpion (severely wounded, poisoned, 70% to hit)
The bolt of acid hits the emperor scorpion!
The acid corrodes the emperor scorpion!
The emperor scorpion is severely wounded.
The emperor scorpion looks more healthy.
The emperor scorpion stings you!
* * * LOW HITPOINT WARNING * * *
The emperor scorpion claws you but does no damage.
The emperor scorpion claws you!
* * * LOW HITPOINT WARNING * * *
Aiming: Corrosive Bolt
Press: ? - help, Shift-Dir - straight line, f/p - emperor scorpion
Aim: an emperor scorpion (severely wounded, covered in acid, 70% to hit)
The bolt of acid misses the emperor scorpion.
The emperor scorpion stings you!
You die...
Your body crumbles into a pile of gold.

############# ######
#...........######....###
#........=..#....#....#..
#...........#....'....#..
#...........#....#....#..
#...........######....#..
#.......@s............#..
#......:..............#..
#.....................#..
#..........°..........###
#.........°.######....#..
########....'....#....#..
#....#....+....#..
#....#....#....'..
#..<.####+#....#..


You could see an emperor scorpion (corroded).

Vanquished Creatures
  2 acid blobs (D:12)
  Gastronok (D:9)
  2 azure jellies (D:12)
  2 rockslimes
  A reaper (Gauntlet)
  11 slime creatures
  A dire elephant (D:15)
  A minotaur (Gauntlet)
  The ghost of SirDiesAlot the Basher, a journeyman MiDe of Gozag (D:12)
  An ogre mage (D:14)
  10 hydras
  2 catoblepae
  7 boulder beetles
  Erica (D:11)
  5 centaur warriors
  2 two-headed ogres
  11 death yaks
  A fire crab (shapeshifter) (D:13)
  4 skeletal warriors
  A flayed ghost (D:14)
  A glowing orange brain (D:12)
  2 bog bodies (Lair:3)
  2 lindwurms (Lair:6)
  Pikel (D:5)
  6 manticores
  16 ugly things
  4 cyclopes
  A wolf spider (Lair:6)
  11 elephants
  An orange demon (D:6)
  4 black mambas
  An eye of devastation (Gauntlet)
  A molten gargoyle (Volcano)
  3 torpor snails
  A gargoyle (Volcano)
  A rime drake (shapeshifter) (D:13)
  10 cane toads
  A hellwing (Gauntlet)
  Psyche (D:10)
  An unseen horror (D:13)
  11 komodo dragons
  4 yaktaurs (D:15)
  3 rime drakes
  4 trolls
  3 meliai (D:14)
  Grinder (D:3)
  3 hornets
  19 dream sheep
  10 blink frogs
  A shadow (D:13)
  A wraith (D:12)
  3 small abominations (D:6)
  3 wyverns
  2 fire elementals (Volcano)
  59 yaks
  A hog (shapeshifter) (D:14)
  5 basilisks
  Eustachio (D:4)
  A golden eye (Gauntlet)
  2 steam dragons
  2 vampire mosquitoes (D:11)
  3 nagas (Lair:2)
  4 acid dragons
  5 swamp worms
  A swamp worm (shapeshifter) (D:13)
  14 water moccasins
  9 orc warriors
  A black bear (D:4)
  An ogre (D:6)
  17 wolves
  The ghost of Leeroy the Ruffian, an amateur DrTm (D:6)
  12 centaurs
  3 phantoms
  3 lemures (D:5)
  A kobold brigand (D:6)
  9 bullfrogs
  5 scorpions
  2 water moccasin zombies
  A wyvern skeleton (D:6)
  6 killer bees
  12 wights
  10 electric eels
  3 howler monkeys (D:7)
  2 centaur zombies
  A bullfrog zombie (D:5)
  4 jellies
  A hound (D:5)
  A centaur skeleton (D:7)
  11 orc priests
  Crazy Yiuf (D:2)
  A bullfrog skeleton (D:7)
  4 iguanas
  Natasha (thrice) (D:3)
  9 orc wizards
  2 killer bee zombies
  A howler monkey zombie (D:9)
  8 gnolls
  9 adders
  A river rat (D:7)
  3 shadow imps
  2 white imps
  2 adder skeletons (D:4)
  3 worms
  A dart slug (D:4)
  28 orcs
  7 endoplasms
  5 giant cockroaches
  7 goblins
  7 hobgoblins
  A jackal (D:2)
  8 kobolds
  6 quokkas
  6 ball pythons
  9 bats
  2 frilled lizards
  11 rats
565 creatures vanquished.

Vanquished Creatures (collateral kills)
  An acid blob (D:12)
  A slime creature (D:12)
2 creatures vanquished.

Vanquished Creatures (others)
  A wizard (D:6)
  A bush (Lair:6)
  51 fungi
  47 plants
  A withered plant (Gauntlet)
101 creatures vanquished.

Grand Total: 668 creatures vanquished

Notes
Turn   | Place    | Note
-------+----------+-------------------------------------------
     0 | D:5      | flotson the Demonspawn Delver began the quest for the Orb.
     0 | D:5      | Reached XP level 1. HP: 18/18 MP: 1/1
   107 | D:5      | Noticed a scorpion
   112 | D:5      | Noticed a water moccasin
   160 | D:4      | Noticed a black bear
   166 | D:4      | Gained mutation: You have a pair of small horns on your
                  | head. [demonic ancestry]
   166 | D:4      | Reached XP level 2. HP: 16/24 MP: 2/2
   203 | D:3      | Reached skill level 1 in Armour
   240 | D:3      | Gained mutation: You are partially covered in thin metallic
                  | scales. (AC +2) [demonic ancestry]
   240 | D:3      | Reached XP level 3. HP: 22/29 MP: 3/3
   260 | D:3      | Found a glowing drain.
   347 | Sewer    | Entered a sewer
   553 | Sewer    | Noticed a water moccasin
   588 | Sewer    | Killed a water moccasin
   589 | Sewer    | Reached skill level 1 in Throwing
   589 | Sewer    | Reached XP level 4. HP: 37/37 MP: 4/4
   589 | Sewer    | Gained mutation: You are partially covered in sharp spines.
                  | [demonic ancestry]
   589 | Sewer    | Reached XP level 5. HP: 42/42 MP: 5/5
  1325 | D:1      | Reached skill level 4 in Fighting
  1489 | D:1      | Found a faded altar of an unknown god.
  2074 | D:2      | Found a runed translucent door.
  2075 | D:2      | Noticed Crazy Yiuf
  2103 | D:2      | Killed Crazy Yiuf
  2427 | D:3      | Gained mutation: You are mostly covered in sharp spines.
                  | [demonic ancestry]
  2427 | D:3      | Reached XP level 6. HP: 20/48 MP: 6/6
  2944 | D:3      | Noticed Grinder
  2945 | D:3      | Noticed Natasha
  2956 | D:3      | Killed Natasha
  2960 | D:3      | Killed Grinder
  2961 | D:3      | Gained mutation: Your demonic aura sometimes causes spilled
                  | blood to erupt in flames. [demonic ancestry]
  2961 | D:3      | Reached XP level 7. HP: 50/55 MP: 7/7
  3052 | D:3      | Found an opulent altar of Gozag.
  3067 | D:3      | Became a worshipper of Gozag Ym Sagoz the Greedy
  3147 | D:3      | Noticed Natasha
  3151 | D:3      | Killed Natasha
  3312 | D:3      | Noticed Natasha
  3317 | D:3      | Killed Natasha
  3618 | D:3      | Found an opulent altar of Gozag.
  3962 | D:4      | Reached skill level 5 in Fighting
  4708 | D:4      | Reached XP level 8. HP: 63/63 MP: 8/8
  5197 | D:5      | Reached skill level 1 in Evocations
  5310 | D:5      | Reached skill level 5 in Dodging
  5460 | D:5      | Reached skill level 6 in Fighting
  5711 | D:5      | Found a radiant altar of Vehumet.
  5711 | D:5      | Found a blossoming altar of Fedhas.
  5773 | D:5      | Noticed Eustachio
  5803 | D:4      | Killed Eustachio
  5925 | D:5      | Noticed Pikel
  5973 | D:5      | Killed Pikel
  5974 | D:5      | Reached skill level 5 in Throwing
  5974 | D:5      | Reached skill level 5 in Armour
  5974 | D:5      | Reached XP level 9. HP: 68/71 MP: 9/9
  6111 | D:5      | Found a broken altar of Ashenzari.
  6353 | D:5      | Found a snail-covered altar of Cheibriados.
  6353 | D:5      | Found a bloodstained altar of Trog.
  6485 | D:6      | Found a transporter.
  6488 | D:6      | Noticed an orange demon
  6865 | D:6      | Noticed a wizard
  6865 | D:6      | Noticed Leeroy's ghost (amateur DrTm)
  6872 | D:6      | Found a one-way gate to the infinite horrors of the Abyss.
  6897 | D:6      | Found a staircase to the Ecumenical Temple.
  6968 | D:6      | Reached skill level 7 in Fighting
  7092 | D:6      | Found a transporter.
  8222 | D:8      | Noticed a skeletal warrior
  8275 | D:7      | Killed a skeletal warrior
  8276 | D:7      | Gained mutation: Your demonic aura often causes spilled
                  | blood to erupt in flames. [demonic ancestry]
  8276 | D:7      | Reached XP level 10. HP: 23/79 MP: 10/10
  8577 | D:7      | Reached skill level 5 in Evocations
  9276 | D:9      | Found Acewyjeameen's Book Emporium.
  9276 | D:9      | Noticed Gastronok
  9288 | D:9      | Killed Gastronok
  9289 | D:9      | Reached skill level 8 in Fighting
 10006 | D:9      | Found a shimmering altar of Xom.
 10019 | D:9      | Found Jioxeu's Antique Weapon Shoppe.
 10307 | D:9      | Found Caeput's Weapon Shop.
 10317 | D:9      | Bought a +2 broad axe of draining for 230 gold pieces
 10351 | D:9      | Found Nyfuijy's Antique Weapon Emporium.
 10357 | D:9      | Bought a bloodstained battleaxe for 368 gold pieces
 10357 | D:9      | Identified the +2 battleaxe of Rotation {vorpal, rF+ Str+5}
                  | (You bought it in a shop on level 9 of the Dungeon)
 10778 | D:10     | Entered Level 10 of the Dungeon
 10972 | D:10     | Noticed a centaur warrior
 10981 | D:10     | Killed a centaur warrior
 11260 | D:10     | Noticed Psyche
 11269 | D:10     | Killed Psyche
 11270 | D:10     | Reached XP level 11. HP: 83/87 MP: 11/11
 11398 | D:10     | Found a staircase to the Lair.
 11458 | Lair:1   | Entered Level 1 of the Lair of Beasts
 11597 | Lair:1   | Identified the +1 leather armour "Okakk" {rC+ rCorr Str+3}
 11942 | Lair:1   | Noticed a six-headed hydra
 11947 | Lair:1   | Killed a six-headed hydra
 12428 | Lair:2   | Found a staircase to the Snake Pit.
 12708 | Lair:2   | Reached skill level 9 in Fighting
 12717 | Lair:2   | Reached skill level 5 in Axes
 13469 | Lair:3   | Noticed a boulder beetle
 13871 | Lair:3   | Identified the +1 ring mail "Puc Fouk" {Str+4 Dex+3}
 13928 | Lair:3   | Noticed a death yak
 13936 | Lair:3   | Noticed a death yak
 13942 | Lair:3   | Noticed a death yak
 13950 | Lair:3   | Killed a death yak
 13951 | Lair:3   | Gained mutation: You are completely covered in sharp
                  | spines. [demonic ancestry]
 13951 | Lair:3   | Reached XP level 12. HP: 95/95 MP: 12/12
 13953 | Lair:3   | Noticed a death yak
 13967 | Lair:3   | Noticed a death yak
 13986 | Lair:3   | Killed a death yak
 14568 | Lair:3   | Identified the +2 helmet of the Other Side {Stlth+}
 14649 | Lair:2   | Killed a death yak
 14888 | Lair:3   | Killed a death yak
 14897 | Lair:3   | Killed a death yak
 15261 | Lair:3   | Killed a boulder beetle
 15379 | Lair:3   | Found a staircase to the Swamp.
 16146 | Lair:3   | Reached skill level 10 in Fighting
 16423 | Lair:4   | Noticed a boulder beetle
 16437 | Lair:4   | Killed a boulder beetle
 16521 | Lair:4   | Reached XP level 13. HP: 102/103 MP: 13/13
 17104 | Lair:5   | Found a dark tunnel.
 17109 | Volcano  | Entered a volcano
 17890 | Lair:5   | Found a staircase to the Slime Pits.
 19201 | Lair:6   | Entered Level 6 of the Lair of Beasts
 20865 | Lair:6   | Reached skill level 11 in Fighting
 20947 | Lair:6   | Reached XP level 14. HP: 83/113 MP: 14/14
 21181 | Lair:6   | Reached skill level 10 in Dodging
 21325 | Lair:6   | Identified the +1 robe of Baaco {rC+}
 21943 | D:6      | Reached skill level 10 in Axes
 22144 | D:6      | Killed Leeroy's ghost
 22382 | D:11     | Found a gate leading to a gauntlet.
 22397 | Gauntlet | Entered a Gauntlet
 22397 | Gauntlet | Found a transporter.
 22397 | Gauntlet | Found a transporter.
 22397 | Gauntlet | Found a transporter.
 22418 | Gauntlet | Found a transporter.
 22428 | Gauntlet | Found a transporter.
 22431 | Gauntlet | Found a transporter.
 22441 | Gauntlet | Found a transporter.
 22460 | Gauntlet | Found a transporter.
 22462 | Gauntlet | Noticed a reaper
 22474 | Gauntlet | Found a transporter.
 22477 | Gauntlet | Found a transporter.
 22485 | Gauntlet | Found a transporter.
 22488 | Gauntlet | Found a transporter.
 22766 | Gauntlet | Killed a reaper
 22769 | Gauntlet | Identified the amulet of Autotheism {Faith Dex+5}
 22982 | Gauntlet | Reached skill level 10 in Armour
 23099 | Gauntlet | Identified the +4 spear "Ahame" {flame, rElec rC+ rCorr
                  | Int+4}
 23099 | Gauntlet | Identified the ring of Bubes {Drain rN+ Str-5 Dex+8 Stlth+}
 23099 | Gauntlet | Identified the +8 spear "Uvoakh" {holy, rPois}
 23659 | D:11     | Noticed Erica
 23663 | D:11     | Killed Erica
 23751 | D:11     | Reached skill level 10 in Evocations
 24224 | D:12     | Reached skill level 10 in Throwing
 24754 | D:12     | Found Liunem's Weapon Shop.
 24756 | D:12     | Found a staircase to the Orcish Mines.
 25091 | D:12     | Found Xajaplaetu's Assorted Antiques.
 25091 | D:12     | Found a runed translucent gate.
 25091 | D:12     | Found a runed translucent gate.
 25091 | D:12     | Noticed SirDiesAlot's ghost (journeyman MiDe)
 25091 | D:12     | Noticed an acid blob
 25092 | D:12     | Noticed a rockslime
 25092 | D:12     | Noticed an azure jelly
 25093 | D:12     | Found a runed translucent gate.
 25093 | D:12     | Noticed an acid blob
 25094 | D:12     | Noticed an acid blob
 25094 | D:12     | Noticed an acid blob
 25095 | D:12     | Bought a scroll of identify for 54 gold pieces
 25096 | D:12     | Noticed an azure jelly
 25096 | D:12     | Noticed an azure jelly
 25442 | D:12     | Noticed a rockslime
 25447 | D:12     | Found a viscous altar of Jiyva.
 25970 | D:12     | Killed an acid blob
 26120 | D:12     | Killed a rockslime
 26375 | D:12     | Killed an azure jelly
 26562 | D:12     | Killed SirDiesAlot's ghost
 26680 | D:12     | Killed an acid blob
 26687 | D:12     | Killed an azure jelly
 26732 | D:12     | Killed an acid blob
 26735 | D:12     | Gained mutation: You are mostly covered in thin metallic
                  | scales. (AC +3) [demonic ancestry]
 26735 | D:12     | Reached XP level 15. HP: 34/120 MP: 15/15
 27355 | D:13     | Found a gate to the Vaults.
 28855 | D:14     | Identified the +5 quarterstaff of the Feather {spect,
                  | rElec}
 28985 | D:14     | Identified the +1 hunting sling of Greatest Utility
                  | {vorpal, Int+2}
 29834 | D:14     | Reached skill level 12 in Fighting
 30561 | D:14     | Identified the ring "Gixtuo" {Contam rF+ MP+9 Int+6 Slay-4}
 31135 | D:15     | Entered Level 15 of the Dungeon
 31202 | D:15     | Found a sacrificial altar of Ru.
 31763 | D:15     | Killed a rockslime
 31985 | D:15     | Reached skill level 1 in Staves
 33481 | D:15     | Identified the +9 scimitar of Samagg {vorpal, rCorr Str+5
                  | Int-4 Dex+2}
 33584 | D:14     | Slain by an emperor scorpion

Illustrated notes

Levels and vault maps discovered:
D:1:      erik_arrival_triangle_medium, layout_basic,
          hellmonk_ecumenical_altar_run_dry, serial_glass, glass_columns_c,
          glass_columns_b, glass_columns_b, glass_columns_b
D:2:      layout_loops_ring, minmay_unequal, uniq_crazy_yiuf_cottage
D:3:      layout_basic, pdpol_temple_overflow_zin_treasury_gozag_greed,
          serial_curves, eino_curves_02, eino_curves_02, eino_curves_02,
          lightli_sewer_entry_pipes, uniq_grinder, uniq_natasha
D:4:      layout_basic
D:5:      layout_cave_pools, nicolae_overflow_hidden_temple, hex_large,
          minmay_misc_feat_encased, uniq_eustachio, uniq_pikel
D:6:      layout_loops_corners, minmay_temple_entry_tees,
          gammafunk_ghost_abyssal_escape, nrook_mini_vaults
D:7:      layout_rooms
D:8:      layout_rooms, minmay_statues_item, minmay_misc_feat_plants,
          minmay_microvault
D:9:      layout_basic, mainiacjoe_overflow_large_starburst, serial_shops,
          nicolae_shop_temple_entry_statues_fountains, nicolae_stop_n_shop_2,
          shop, nicolae_shop_waterfront, fungi_pond_lemuel, uniq_gastronok
D:10:     layout_roguey, lair_entry_dummy, uniq_psyche
D:11:     layout_irregular_city, gauntlet_entry_generic, minmay_misc_feat_room,
          uniq_erica
D:12:     layout_loops_cross, orc_david_3, serial_shops, shop,
          gammafunk_ghost_ooze
D:13:     layout_gridville, david_vaults_2, grunt_ogre_cave, chequers_jeans
D:14:     layout_gridville, kennysheep_cross_bottleneck, minmay_librarian
D:15:     hangedman_depths_entry_try_elsewhere_first, layout_basic,
          minmay_misc_feat_more_columns, minmay_misc_feat_nine_boxes,
          hangedman_ru_absence
Lair:1:   layout_regular_city, lemuel_fruit_fields
Lair:2:   layout_roguey, guppyfry_snake_entry_garden
Lair:3:   layout_big_grid, nicolae_swamp_entry_splash_gauntlet
Lair:4:   layout_gridlike
Lair:5:   layout_loops_ring, nicolae_slime_entry_slimehenge,
          nicolae_volcano_entry_s_turn, grunt_megastairs_3
Lair:6:   hangedman_lair_in_review, layout_loops_ring

Skill      XL: |  1  2  3  4  5  6  7  8  9 10 11 12 13 14 15 |
---------------+----------------------------------------------+-----
Dodging        | 2 3 4 5 6 7 8 9 10 11 | 11.2
Armour         | 1 2 3 4 5 6 7 8 9 10 11 | 11.0
Throwing       | 1 2 3 5 6 7 8 9 10 | 10.9
Fighting       | 4 5 6 7 8 9 10 11 12 | 12.4
Evocations     | 3 4 6 7 8 9 10 11 | 11.1
Axes           | 2 5 7 9 11 | 11.6
Staves         | 2 |  2.0
Stealth        | |  4.5

Action                   |  1- 3 |  4- 6 |  7- 9 | 10-12 | 13-15 || total
-------------------------+-------+-------+-------+-------+-------++-------
Melee: Hand axe          |    75 |    54 |       |       |       ||   129
       Headbutt          |     7 |     9 |    50 |    60 |   163 ||   289
       Quarterstaff      |       |    41 |   239 |    45 |       ||   325
       Battleaxe         |       |       |       |   190 |   244 ||   434
       Staff             |       |       |       |       |   231 ||   231
       Broad axe         |       |       |       |       |   122 ||   122
Throw: Dart              |    14 |     5 |     1 |    13 |    10 ||    43
       Javelin           |       |       |       |    22 |    30 ||    52
Evoke: Wand              |       |       |     4 |    21 |     6 ||    31
       Box of beasts     |       |       |       |       |     2 ||     2
       Phantom mirror    |       |       |       |       |     1 ||     1
       Lightning rod     |       |       |       |       |     4 ||     4
  Use: Scroll            |     2 |       |       |    15 |    18 ||    35
       Potion            |     2 |       |       |       |     2 ||     4
 Stab: Sleeping          |     2 |     8 |     9 |     2 |       ||    21
       Distracted        |       |     1 |       |     1 |     7 ||     9
       Confused          |       |       |     1 |       |       ||     1
Armor: Ring mail         |    33 |    31 |    79 |    64 |     1 ||   208
       Plate armour      |       |       |       |       |   363 ||   363
Dodge: Dodged            |    49 |    39 |   232 |   332 |   576 ||  1228

Table legend: (Time is in decaauts)
 A = Elapsed time spent in this place.
 B = Non-inter-level travel time spent in this place.
 C = Inter-level travel time spent in this place.
 D = Time resting spent in this place.
 E = Time spent auto-exploring this place.
 F = Levels seen in this place.
 G = Mean time per level.
                   A        B        C        D        E       F      G
               +--------+--------+--------+--------+--------+-----+--------+
         Total |  33973 |  32578 |   1395 |   2691 |  25096 |  24 | 1415.5 |
       Dungeon |  22186 |  21465 |    721 |   1809 |  16494 |  15 | 1479.1 |
          Lair |  10265 |   9592 |    673 |    882 |   7412 |   6 | 1710.8 |
         Sewer |    445 |    445 |      0 |      0 |    350 |   1 |  445.0 |
       Volcano |    291 |    291 |      0 |      0 |    191 |   1 |  291.0 |
      Gauntlet |    784 |    784 |      0 |      0 |    648 |   1 |  784.0 |
               +--------+--------+--------+--------+--------+-----+--------+

Top non-repeatable levels by time:
    D:14: 2820 daAuts
  Lair:5: 2691 daAuts
  Lair:3: 2422 daAuts
    D:12: 2257 daAuts
     D:3: 2019 daAuts
    D:15: 1950 daAuts
    D:11: 1855 daAuts
  Lair:6: 1788 daAuts
    D:13: 1624 daAuts
  Lair:2: 1444 daAuts
     D:6: 1416 daAuts
     D:7: 1269 daAuts
     D:8: 1241 daAuts
     D:4: 1195 daAuts
     D:9: 1145 daAuts
